 Dungeon Crawl Stone Soup version 0.28-a0-850-g09de17f5b5 (console) character file.

Game seed: 8811147327290673595

620662 petzl the Sorcerer (level 27, -4/207 HPs)
             Began as an Octopode Arcane Marksman on Nov 13, 2021.
             Was the Champion of Vehumet.
             Slain by a death cob (15 damage)
             ... on level 5 of the Realm of Zot on Nov 21, 2021.
             The game lasted 17:20:58 (114607 turns).

petzl the Sorcerer (Octopode Arcane Marksman)     Turns: 114607, Time: 17:20:58

Health: -4/207     AC: 20    Str: 14    XL:     27
Magic:  44/44      EV: 15    Int: 35    God:    Vehumet [******]
Gold:   1947       SH: 12    Dex: 17    Spells: 0/70 levels left

rFire   + + +      SeeInvis +   a - +5 dagger {vorpal, rF+ Will+ Str+2 Int+3, !f =f}
rCold   + . .      Faith    .   y - +3 buckler {AC+3}
rNeg    + + .      Spirit   .   f - +2 hat {Int+3}
rPois   +          Reflect  .   A - amulet "Didou" {rElec Regen+ Int+4}
rElec   +          Harm     .   e - ring "Mogi Ydy" {Fly rN+ rCorr Stlth+}
rCorr   +          Rampage  .   z - ring "Painken" {AC+4 Stlth+}
Will    +++..                   F - ring "Bafitufoemn" {+Blink rElec rN+}
Stlth   ++++++++..              i - ring "Maluq" {Fly rPois rF+ rC+ Dex+4}
HPRegen 1.44/turn               l - ring of wizardry
MPRegen 0.29/turn               T - +4 ring of protection
                                q - ring of see invisible
                                t - +4 ring of protection

@: flying, hasted and slowed, studying 4 skills, unable to read
A: almost no armour, amphibious, 8 rings, camouflage 1, gelatinous body 1,
(nimble swimmer 1), tentacles, tentacle spike 1, iridescent scales 1, clumsy 1,
fire resistance 2, low mp 1, strong 1, inability to read while threatened
}: 3/15 runes: decaying, slimy, gossamer
a: Renounce Religion, Evoke Blink


You were on level 5 of the Realm of Zot.
You worshipped Vehumet.
Vehumet was exalted by your worship.
You visited 14 branches of the dungeon, and saw 58 of its levels.
You visited the Abyss 1 time.
You visited 1 bazaar.
You also visited: Trove, Ossuary, Ice Cave and Volcano.

You collected 10205 gold pieces.
You spent 8258 gold pieces at shops.

Inventory:

Hand Weapons
 a - the +5 dagger of Exoneration (weapon) {vorpal, rF+ Will+ Str+2 Int+3, !f =f}
   (You found it on level 5 of the Pits of Slime)

   It inflicts extra damage upon your enemies.
   Str:       It affects your strength (+2).
   Int:       It affects your intelligence (+3).
   rF:        It protects you from fire.
   Will:      It increases your willpower.
 b - a +3 hand crossbow of freezing
 O - the +7 sceptre of Torment {pain, torment}
   (You found it on level 3 of the Crypt)

   In the hands of one skilled in necromantic magic, it inflicts extra damage on
   living creatures.
   It occasionally torments all nearby living foes when it strikes in combat.
Missiles
 u - 10 curare-tipped darts {!*}
 C - 1300 bolts
 U - 2 throwing nets
Armour
 f - a +2 hat of intelligence (worn)
 y - a +3 buckler of protection (worn)
Jewellery
 e - the ring "Mogi Ydy" (left tentacle) {Fly rN+ rCorr Stlth+}
   (You acquired it on level 3 of the Swamp)

   [ring of flight]

   rN:        It protects you from negative energy.
   Fly:       It grants you flight.
   rCorr:     It protects you from acid and corrosion.
   Stlth:     It makes you more stealthy.
 i - the ring "Maluq" (on tentacle) {Fly rPois rF+ rC+ Dex+4}
   (You took it off a deep elf pyromancer on level 3 of the Elven Halls)

   [ring of flight]

   Dex:       It affects your dexterity (+4).
   rF:        It protects you from fire.
   rC:        It protects you from cold.
   rPois:     It protects you from poison.
   Fly:       It grants you flight.
 l - a ring of wizardry (on tentacle)
 q - a ring of see invisible (on tentacle)
 t - a +4 ring of protection (on tentacle)
 z - the ring "Painken" (right tentacle) {AC+4 Stlth+}
   (You found it on level 5 of the Pits of Slime)

   [ring of protection]

   AC:        It affects your AC (+4).
   Stlth:     It makes you more stealthy.
 A - the amulet "Didou" (around mantle) {rElec Regen+ Int+4}
   (You found it on level 3 of the Crypt)

   [amulet of regeneration]

   Int:       It affects your intelligence (+4).
   rElec:     It insulates you from electricity.
   Regen:     It increases your rate of health regeneration.
 F - the ring "Bafitufoemn" (on tentacle) {+Blink rElec rN+}
   (You found it on level 3 of the Crypt)

   [ring of positive energy]

   rElec:     It insulates you from electricity.
   rN:        It protects you from negative energy.
   +Blink:    It lets you blink.
 T - a +4 ring of protection (on tentacle)
Wands
 p - a wand of paralysis (10)
 D - a wand of iceblast (26)
 L - a wand of digging (18)
 S - a wand of acid (34)
Scrolls
 c - 3 scrolls of summoning
 g - 6 scrolls of magic mapping
 j - 5 scrolls of holy word
 k - 7 scrolls of teleportation
 m - 4 scrolls of identify
 n - 3 scrolls of blinking
 J - 3 scrolls of fear
 P - 11 scrolls of fog
Potions
 h - 2 potions of magic
 s - 12 potions of curing
 v - 3 potions of cancellation
 w - 4 potions of resistance
 G - 2 potions of haste
 H - 4 potions of heal wounds
 I - 8 potions of ambrosia
 K - 14 potions of lignification
 X - 3 potions of invisibility
Miscellaneous
 d - a phantom mirror
 R - a phantom mirror
 V - a condenser vane
 Y - a box of beasts (inert)


   Skills:
 - Level 22.0 Fighting
 - Level 10.0 Maces & Flails
 - Level 4.0 Crossbows
 - Level 4.0 Dodging
 - Level 12.0 Stealth
 + Level 16.5 Shields
 - Level 22.0 Spellcasting
 - Level 18.0 Conjurations
 - Level 5.0 Hexes
 - Level 14.0 Necromancy
 - Level 6.2 Translocations
 * Level 9.9 Transmutations
 - Level 17.1 Fire Magic
 + Level 12.8 Ice Magic
 - Level 8.0 Air Magic
 - Level 6.5 Earth Magic
 - Level 4.0 Poison Magic
 - Level 10.0 Evocations


You couldn't memorise any spells.
You knew the following spells:

 Your Spells              Type           Power      Damage    Failure   Level
a - Slow                  Hex            100%       N/A       1%          1
b - Poisonous Vapours     Pois/Air       100%       N/A       1%          2
d - Fireball              Conj/Fire      52%        3d20      0%          5
l - Freezing Cloud        Conj/Ice/Air   46%        6-21      1%          5
m - Fire Storm            Conj/Fire      52%        8d13      6%          9
n - Polar Vortex          Ice            45%        N/A       34%         9
o - Orb of Destruction    Conj           52%        9d16      1%          7
s - Sticky Flame          Conj/Fire      100%       2d11      0%          4
A - Ozocubu's Armour      Ice            91%        N/A       0%          3
B - Blink                 Tloc           100%       N/A       1%          2
C - Conjure Ball Lightni  Conj/Air       46%        3x3d16    1%          6
G - Apportation           Tloc           100%       N/A       1%          1
N - Necromutation         Tmut/Necr      44%        N/A       14%         8
P - Passage of Golubria   Tloc           70%        N/A       1%          4
T - Olgreb's Toxic Radia  Pois           61%        N/A       1%          4

Your spell library contained the following spells:

 Spells                   Type           Power      Damage    Failure   Level
 Chain Lightning          Conj/Air       46%        3d61      32%         9
 Shatter                  Erth           35%        3d28*     97%         9
 Animate Skeleton         Necr           100%       N/A       0%          1
 Foxfire                  Conj/Fire      100%       2x1d9     0%          1
 Freeze                   Ice            100%       1d11      0%          1
 Shock                    Conj/Air       100%       1d9       0%          1
 Scorch                   Fire           100%       2d10      0%          2
 Static Discharge         Conj/Air       92%        N/A       0%          2
 Conjure Flame            Conj/Fire      100%       6-21      0%          3
 Dazzling Flash           Conj/Hex       100%       N/A       0%          3
 Frozen Ramparts          Ice            100%       1d12      0%          3
 Inner Flame              Hex/Fire       86%        N/A       0%          3
 Stone Arrow              Conj/Erth      100%       3d13      0%          3
 Vampiric Draining        Necr           94%        2d12      0%          3
 Animate Dead             Necr           47%        N/A       0%          4
 Dispel Undead            Necr           94%        3d30      0%          4
 Flame Wave               Conj/Fire      100%       3d16      0%          4
 Hailstorm                Conj/Ice       98%        3d19      0%          4
 Sting                    Tmut/Pois      100%       1d8       1%          1
 Summon Small Mammal      Summ           100%       N/A       1%          1
 Ensorcelled Hibernation  Hex/Ice        100%       N/A       1%          2
 Passwall                 Tmut/Erth      64%        N/A       1%          2
 Call Canine Familiar     Summ           38%        N/A       1%          3
 Confusing Touch          Hex            65%        N/A       1%          3
 Gell's Gravitas          Tloc           70%        N/A       1%          3
 Ignite Poison            Fire/Tmut/Pois 84%        N/A       1%          3
 Lesser Beckoning         Tloc           70%        N/A       1%          3
 Portal Projectile        Hex/Tloc       100%       N/A       1%          3
 Spider Form              Tmut/Pois      72%        N/A       1%          3
 Summon Guardian Golem    Hex/Summ       54%        N/A       1%          3
 Swiftness                Air            76%        N/A       1%          3
 Teleport Other           Tloc           70%        N/A       1%          3
 Tukima's Dance           Hex            65%        N/A       1%          3
 Airstrike                Air            38%        N/A       1%          4
 Cause Fear               Hex            32%        N/A       1%          4
 Fulminant Prism          Conj/Hex       43%        3d20      1%          4
 Ice Form                 Ice/Tmut       87%        N/A       1%          4
 Iskenderun's Mystic Bla  Conj/Tloc      89%        2d17      1%          4
 Leda's Liquefaction      Hex/Erth       34%        N/A       1%          4
 Petrify                  Tmut/Erth      77%        N/A       1%          4
 Summon Ice Beast         Ice/Summ       70%        N/A       1%          4
 Summon Lightning Spire   Summ/Air       61%        N/A       1%          4
 Agony                    Necr           94%        N/A       1%          5
 Alistair's Intoxication  Tmut/Pois      48%        N/A       1%          5
 Blade Hands              Tmut           41%        N/A       1%          5
 Excruciating Wounds      Necr           47%        N/A       1%          5
 Lee's Rapid Deconstruct  Erth           35%        3d19*     1%          5
 Lightning Bolt           Conj/Air       46%        1d66      1%          5
 Manifold Assault         Tloc           70%        N/A       1%          5
 Metabolic Englaciation   Hex/Ice        39%        N/A       1%          5
 Silence                  Hex/Air        35%        N/A       1%          5
 Yara's Violent Unravell  Hex/Tmut       37%        3d15      1%          5
 Iron Shot                Conj/Erth      45%        9d9       1%          6
 Simulacrum               Ice/Necr       46%        N/A       1%          6
 Starburst                Conj/Fire      52%        6d14      1%          6
 Statue Form              Tmut/Erth      51%        N/A       1%          6
 Ozocubu's Refrigeration  Ice            45%        4d14      1%          7
 Ignition                 Fire           51%        3d14      1%          8
 Summon Forest            Summ/Tloc      28%        N/A       2%          5
 Summon Mana Viper        Hex/Summ       54%        N/A       2%          5
 Dispersal                Tloc           35%        N/A       3%          6
 Lehudib's Crystal Spear  Conj/Erth      45%        10d11     3%          8
 Storm Form               Tmut/Air       39%        N/A       6%          7
 Borgnjor's Revivificati  Necr           47%        N/A       6%          8
 Haunt                    Necr/Summ      36%        N/A       14%         7
 Maxwell's Capacitive Co  Air            38%        ∞         19%         8
 Summon Cactus Giant      Summ           19%        N/A       38%         6
 Disjunction              Tloc           35%        N/A       80%         8
 Monstrous Menagerie      Summ           19%        N/A       91%         7
 Summon Hydra             Summ           19%        N/A       91%         7
 Discord                  Hex            32%        N/A       91%         8
 Dragon's Call            Summ           19%        N/A       100%        9
 Animate Armour           Summ/Erth      Unusable   N/A       N/A         4

Dungeon Overview and Level Annotations

Branches:
Dungeon (15/15)            Temple (1/1) D:7            Lair (6/6) D:9
  Swamp (4/4) Lair:2       Spider (4/4) Lair:4        Slime (5/5) Lair:6
    Orc (2/2) D:9             Elf (3/3) Orc:2        Vaults (4/5) D:13
  Crypt (3/3) Vaults:2       Tomb (1/3) Crypt:3      Depths (4/4) D:15
   Hell (visited)             Geh (0/7) Hell            Coc (0/7) Hell
    Tar (0/7) Hell            Zot (5/5) Depths:4    Ossuary (visited)
  IceCv (visited)         Volcano (visited)
    Dis: Hell:1

Altars:
Ashenzari
Fedhas
Gozag
Kikubaaqudgha
Qazlal
Sif Muna
Trog
Vehumet
Beogh
Jiyva

Shops:
D:4 **   D:6 *   D:7 *   D:12 :*   D:13 =   Orc:1 [   Orc:2 :(:?!*([   Elf:1 *
Elf:2 (   Zot:1 *   Depths:3 [[

Portals:
Hell: Depths:1 Depths:2 Depths:3 Depths:4
Abyss: Depths:3
Pandemonium: Depths:1 Depths:2 Depths:4
Ziggurat: Depths:3

Annotations:
D:12 exclusion: downstairs
Lair:4 1 exclusion
Elf:2 !ASTERION, exclusion: downstairs, Asterion
Vaults:1 exclusion: downstairs
Vaults:4 !Jory, Aizul; Boris; Jory; Mara
Vaults:5 !LEV5
Depths:1 exclusion: downstairs
Depths:2 2 transporters, Rugruoje's ghost, adept HaHu; Xileplen's ghost, adept MiBe


Innate Abilities, Weirdness & Mutations

You cannot wear most types of armour.
You are amphibious.
You can wear up to eight rings at the same time.
Your skin changes colour to match your surroundings (Stealth+).
Your rubbery body absorbs attacks. (AC +1, EV +1)
((You are camouflaged near water. (Stealth+)))
You have tentacles for arms and can constrict up to eight enemies at once.
One of your tentacles bears a spike.
You are partially covered in iridescent scales. (AC +2)
You are clumsy. (Dex -2)
Your flesh is very heat resistant. (rF++)
Your magical capacity is low. (-10% MP)
Your muscles are strong. (Str +2)
You sometimes lose the ability to read scrolls when taking damage.


Message History

You feel as though you will be slow longer.
The death cob hits you but does no damage.
The death cob hits you!! The death cob hits you!
The death cob drains your vigour!
You feel as though you will be slow longer.
The death cob hits you!
* * * LOW HITPOINT WARNING * * *
The death cob drains your vigour!
You feel as though you will be slow longer.
You block the death cob's attack. You block the death cob's attack.
The death cob barely misses you. You block the death cob's attack.
The death cob hits you!
* * * LOW HITPOINT WARNING * * *
The death cob drains your vigour!
You feel as though you will be slow longer.
You feel much better. The death cob hits you. The death cob drains your vigour!
You feel as though you will be slow longer.
The death cob hits you!!
* * * LOW HITPOINT WARNING * * *
The death cob hits you!!
* * * LOW HITPOINT WARNING * * *
The death cob drains your vigour!
You feel as though you will be slow longer.
Unknown command.
Unknown command.
Unknown command.
You open the lid... ...and a juvenile stingox beast leaps out!
The box is emptied!
The world stops spinning.
The death cob barely misses you. The death cob hits you!!
* * * LOW HITPOINT WARNING * * *
The death cob drains your vigour!
You feel as though you will be slow longer.
You swap places.
The death cob hits you.
* * * LOW HITPOINT WARNING * * *
The death cob drains your vigour!
You feel as though you will be slow longer.
The death cob hits you!
You die...

.........##............#.##.#.#<...........#
....##'####.##....#..#.#.##.#.#.##############
....##.# ##.......#..#......#................##
....##.# #.(......#..#.########...............#
..^.##.# #.######.#..#........#..######.......#
....##.###.##........##...###.#..#..#.'.......#
...###.#.#.##.........#...# #.#..#..#.#......)#
...###.#....'.............# #.#..#..#.#..<#####
...'...#.#.##.............# #.#..#....#...#
...#####.#.#.........^....#
#....##.###...#######
#..........#.###.#........######.##.#
#.........⌠ #.######.###.#
#.#.....#.........##.##........###
.......#.###.# #.#.....############.##........#
#.#..........###.#####..........# #.##........#
#.#..#.........#.........####...###.##........#
#....###.#...............#..........##........#
#....# #.#...##.#........#.⌠.#......###########
#....# #..#...#.#........#...#......# #....#
#........#.......@##.###...#.#
⌠.##........#..........Hz##.........#
###########▓▓▓▓########.########▓▓▓▓############
.......... #...............# ##......^....
........... ##.........^...# ##............
...........^## #.........^...# ##............d
.............# ##...........## #..............
.............# #.......*...# #..............
...$.....*...# ##...........## #..............
......^.....^# #.............# #..............
.............# ##.............## #....○.........
............^###...............###....○.........
....*.......###...###########...###..p.°..°.....
...p*.....^##....## ##....##.§§°○..°○...
...L.......^^..### ###...§.§..dX^..^
..##▓▓▓▓▓▓▓▓▓▓▓# #▓▓▓▓▓▓▓▓▓▓▓##8 ...........▓
▓▓▓▓.......... ............ #▓.z...........
....§....... ^..X...........


You could see a death cob (ally target) and a friendly juvenile stingox beast
(summoned).

Vanquished Creatures
  the Royal Jelly (Slime:5)
  The ghost of Ytolar the Conqueror, a legendary DsFi of Jiyva (Zot:3)
  2 ancient liches
  2 orbs of fire
  Mennas (Depths:3)
  the Lernaean hydra (Swamp:4)
  2 Killer Klowns (Zot:3)
  Saint Roka (Orc:2)
  4 curse toes (Zot:3)
  Geryon (Hell)
  A caustic shrike (Depths:4)
  the Enchantress (Depths:2)
  13 golden dragons
  2 bone dragons
  A profane servitor (Crypt:3)
  Arachne (Spider:3)
  4 electric golems (Zot:4)
  The ghost of Leeroy the Wrestler, an adept DrTm of Wu Jian (Elf:3)
  10 tentacled monstrosities
  11 Orb Guardians (Zot:5)
  6 liches
  17 acid blobs
  6 quicksilver dragons
  A walking divine tome (Depths:3)
  A deep elf master archer (Elf:3)
  2 titans
  2 deep elf blademasters (Elf:3)
  3 ancient champions
  8 death cobs
  Gastronok (D:12)
  Kirke (Lair:4)
  8 sphinxes
  The ghost of Racryxty the Executioner, an adept MiBe of Trog (Swamp:3)
  2 shadow dragons
  2 tengu reavers
  2 revenants
  A thorn hunter (Swamp:4)
  8 fire giants
  6 draconian monks
  6 draconian knights
  9 azure jellies
  15 storm dragons
  Roxanne (Elf:3)
  The ghost of Kink the Eclecticist, an adept DEFE of Vehumet (D:15)
  An iron dragon (Depths:2)
  15 vault wardens
  12 rockslimes
  3 draconian scorchers (Zot:3)
  5 orc warlords
  9 deep elf sorcerers
  8 frost giants
  5 deep elf elementalists (Elf:3)
  6 emperor scorpions
  7 draconian shifters
  8 ghost moths
  A caustic shrike zombie (Hell)
  Louise (Swamp:2)
  3 balrugs
  3 draconian stormcallers
  23 very ugly things
  8 quicksilver oozes
  2 ghouls
  6 spriggan defenders
  14 ironbound preservers
  3 draconian annihilators
  9 stone giants
  A war gargoyle (Depths:2)
  Nessos (Lair:4)
  2 bennus (Tomb:1)
  A lorocyproca (Depths:2)
  4 reapers
  6 black draconians
  6 yellow draconians
  8 deep elf demonologists (Elf:3)
  4 vampire knights
  4 dire elephants
  8 deep elf annihilators (Elf:3)
  A spark wasp (shapeshifter) (Depths:2)
  5 bunyips
  11 white draconians
  14 red draconians
  6 entropy weavers
  8 purple draconians
  4 spark wasps
  3 eleionomae
  2 eidola (Crypt:2)
  A blizzard demon (Hell)
  9 ettins
  2 iron golems (Depths:2)
  18 jiangshi
  6 crystal guardians
  4 deep elf death magi
  5 fire dragons
  2 green deaths (Hell)
  11 great orbs of eyes
  18 hydras
  5 ice dragons
  10 yaktaur captains
  5 deep elf high priests (Elf:3)
  The ghost of mumon the Bewitcher, a journeyman FeCj of Sif Muna (Spider:1)
  Fannar (D:10)
  Harold (D:6)
  10 ironbound thunderhulks
  4 rakshasas
  3 ghost crabs
  3 ogre magi
  A quicksilver dragon skeleton (Hell)
  4 spriggan air magi
  A peacekeeper (Vaults:4)
  4 vault guards
  5 boulder beetles
  A catoblepas (Lair:6)
  14 centaur warriors
  5 ironbound frosthearts
  15 two-headed ogres
  5 alligators
  28 dancing weapons
  8 death knights
  13 death yaks
  A satyr (shapeshifter) (Vaults:1)
  8 deep troll shamans
  3 hell hogs (Depths:2)
  6 vampire magi
  Urug (Lair:2)
  10 deep troll earth magi
  A tengu warrior (Depths:3)
  An orc high priest (Orc:1)
  15 hell knights
  4 spriggan berserkers
  6 sun demons
  Sonja (Orc:2)
  19 deep elf knights
  7 soul eaters
  Nergalle (Lair:4)
  22 skeletal warriors
  An entropy weaver zombie (Crypt:2)
  3 shadow wraiths (Crypt:3)
  3 iron trolls (Depths:2)
  4 goliath frogs
  7 large abominations
  2 anaconda zombies (Hell)
  A salamander mystic (Volcano)
  A spectral spark wasp (Spider:1)
  A goliath frog (shapeshifter) (Depths:3)
  A spectral ghost moth (Spider:1)
  7 glowing orange brains
  2 spriggan druids
  A bunyip skeleton (Crypt:1)
  7 flayed ghosts
  9 wizards
  15 swamp dragons
  13 deep elf archers
  A spectral hydra (Swamp:3)
  37 deep trolls
  2 spectral wolf spiders (Spider:1)
  18 lindwurms
  5 harpies (Vaults:1)
  An anaconda skeleton (Hell)
  A harpy (shapeshifter) (D:14)
  8 bog bodies
  7 necromancers
  23 orb spiders
  30 deep elf pyromancers
  34 wolf spiders
  9 phantasmal warriors
  30 deep elf zephyrmancers
  15 ironbound convokers
  14 orc knights
  43 ugly things
  An iron dragon zombie (Hell)
  An oklob plant (Lair:5)
  An eleionoma zombie (Crypt:2)
  4 orc sorcerers
  3 shining eyes
  23 moths of wrath
  A frost giant zombie (Crypt:2)
  5 will-o-the-wisps
  7 manticores
  A manticore (shapeshifter) (Depths:4)
  4 salamanders (Volcano)
  6 molten gargoyles
  9 rust devils
  19 elephants
  21 vault sentinels
  5 cyclopes
  8 smoke demons
  4 black mambas
  2 torpor snails
  A stone giant skeleton (Crypt:1)
  10 cane toads
  4 eyes of devastation
  2 orange demons (Depths:4)
  A gargoyle (D:12)
  Maggie (Lair:1)
  2 efreet
  6 unseen horrors
  4 rime drakes
  A tormentor (Depths:4)
  2 hellions
  A spectral redback (Spider:1)
  A sea snake zombie (Hell)
  10 komodo dragons
  10 freezing wraiths
  15 demonic crawlers
  A red draconian zombie (Crypt:2)
  31 yaktaurs
  A bunyip simulacrum (Swamp:3)
  2 kobold demonologists (D:9)
  2 guardian mummies (Tomb:1)
  A tengu conjurer (D:15)
  2 hydra zombies (Hell)
  A hellwing (Depths:4)
  A sea snake skeleton (Hell)
  4 ice devils
  A queen bee (shapeshifter) (Elf:2)
  10 trolls
  A pale draconian skeleton (Crypt:1)
  2 red devils (Hell)
  A bloated husk (Swamp:3)
  40 jumping spiders
  2 meliai (shapeshifter)
  13 tyrant leeches
  4 polar bears
  A spectral jumping spider (Spider:1)
  A wolf spider simulacrum (Spider:1)
  Grinder (D:5)
  17 hornets
  136 slime creatures
  22 dream sheep
  16 blink frogs
  3 air elementals (Elf:3)
  54 flying skulls
  64 redbacks
  36 yaks
  4 shadows
  6 wraiths
  5 wyverns
  A black mamba zombie (Tomb:1)
  5 water elementals
  An ushabti (Tomb:1)
  5 fire bats
  13 spriggans
  A ynoxinul (Depths:4)
  30 tarantellas
  2 basilisks
  6 chaos spawn
  2 hogs (Lair:4)
  5 fire elementals
  Menkaure (D:4)
  A steam dragon (D:10)
  A sea snake simulacrum (Hell)
  16 golden eyes
  11 vampire mosquitoes
  3 neqoxecs
  12 swamp worms
  7 wargs
  2 acid dragons
  2 hydra simulacra
  Duvessa (D:7)
  13 water moccasins
  A deep troll skeleton (Crypt:2)
  A naga skeleton (Crypt:3)
  A floating eye (Depths:3)
  5 hell hounds (Hell)
  A spectral hornet (Spider:1)
  A jumping spider simulacrum (Spider:1)
  2 tarantella simulacra (Spider:1)
  53 orc warriors
  5 swamp drakes
  An ice beast (D:7)
  A manticore zombie (Crypt:1)
  13 ogres
  A black bear (D:8)
  2 sky beasts
  12 wolves
  4 necrophages (Crypt:3)
  6 centaurs
  3 elf zombies (Ossuary)
  3 kobold brigands (D:9)
  A palentonga zombie (Crypt:1)
  2 phantoms (D:9)
  2 earth elementals (Elf:3)
  22 bullfrogs
  A naga simulacrum (Hell)
  Dowan (D:7)
  5 scorpions
  An elf skeleton (Crypt:1)
  A water moccasin zombie (D:6)
  A troll zombie (D:9)
  6 small abominations
  8 killer bees
  5 wights
  2 howler monkeys (D:9)
  A troll skeleton (Crypt:1)
  2 electric eels
  5 lava snakes (Volcano)
  5 centaur zombies
  6 jellies (Lair:6)
  A wolf skeleton (Crypt:2)
  A bullfrog skeleton (D:6)
  A gnoll shaman (D:7)
  A human zombie (Ossuary)
  14 orc priests
  Crazy Yiuf (D:3)
  3 hounds
  A human skeleton (Crypt:1)
  An iguana (D:6)
  Ijyb (D:3)
  32 orc wizards
  16 hell rats
  2 killer bee zombies
  A polar bear simulacrum (IceCv)
  A wolf simulacrum (IceCv)
  5 ogre zombies (D:9)
  A dwarf skeleton (Crypt:2)
  A tengu skeleton (Crypt:1)
  7 mummies
  2 howler monkey zombies
  4 gnolls
  8 adders
  A shadow imp (D:8)
  5 white imps
  An ufetubus (D:5)
  3 adder zombies (Ossuary)
  3 adder skeletons
  2 worms
  A dart slug (D:3)
  89 orcs
  10 endoplasms
  A giant cockroach (D:4)
  7 goblins
  8 hobgoblins
  13 jackals
  12 kobolds
  4 quokkas
  5 ball pythons
  3 bats
  A dart slug zombie (Crypt:2)
  2 frilled lizards (D:2)
  5 gnoll zombies (Ossuary)
  3 goblin skeletons (D:9)
  6 goblin zombies
  2 hobgoblin zombies
  A jackal zombie (Ossuary)
  9 kobold zombies
  2 orc skeletons (D:9)
  12 orc zombies
  7 quokka zombies (Ossuary)
  2 rats
  A rat skeleton (Crypt:1)
  3 rat zombies (Ossuary)
  A butterfly (Lair:5)
  5 fire vortices
  6 plants
2464 creatures vanquished.

Vanquished Creatures (collateral kills)
  A tentacled monstrosity (Zot:4)
  A lich (D:15)
  A shadow dragon (Zot:1)
  A tengu reaver (Depths:4)
  An azure jelly (Slime:5)
  A rockslime (Slime:5)
  3 reapers
  A very ugly thing (Depths:2)
  2 black draconians
  2 green draconians
  A spark wasp (Depths:4)
  2 jiangshi (Crypt:2)
  An iron troll (Depths:3)
  2 skeletal warriors (Crypt:3)
  A spectral anaconda (Crypt:3)
  3 deep trolls
  An anaconda skeleton (Hell)
  2 phantasmal warriors (Crypt:3)
  An ugly thing (Depths:2)
  2 moths of wrath
  A hornet (Depths:2)
  5 slime creatures
  An ettin zombie (Crypt:3)
  A stone giant simulacrum (Crypt:1)
  A flying skull (Crypt:3)
  An ice dragon skeleton (Crypt:2)
  A redback (Spider:2)
  A golden eye (Slime:3)
  A naga skeleton (Crypt:1)
  A floating eye (Depths:4)
  A hell rat (Hell)
  A small abomination (Crypt:3)
  4 ball lightnings
50 creatures vanquished.

Vanquished Creatures (others)
  A deep elf sorcerer (Elf:3)
  A white draconian (Zot:1)
  A spectral spriggan (Swamp:3)
  Joseph (D:10)
  3 bloated husks
  A tyrant leech (Swamp:2)
  A water elemental (Elf:3)
  An air elemental (Elf:2)
  A swamp worm (Swamp:4)
  An electric eel (D:14)
  118 ball lightnings
  A bush (Lair:6)
  509 fire vortices
  19 foxfires
  80 fungi
  141 plants
  2 starspawn tentacles (Abyss:2)
882 creatures vanquished.

Grand Total: 3396 creatures vanquished

Notes
Turn   | Place    | Note
-------+----------+-------------------------------------------
     0 | D:1      | petzl the Octopode Arcane Marksman began the quest for the
                  | Orb.
     0 | D:1      | Reached XP level 1. HP: 13/13 MP: 2/2
   461 | D:1      | Reached XP level 2. HP: 18/18 MP: 3/3
   533 | D:1      | Reached skill level 1 in Stealth
  1197 | D:2      | Reached XP level 3. HP: 18/23 MP: 4/4
  1212 | D:2      | HP: 1/23 [poisoned by an adder]
  1815 | D:2      | Reached skill level 1 in Shields
  2209 | D:2      | Found a faded altar of an unknown god.
  2526 | D:2      | Reached XP level 4. HP: 9/29 MP: 6/6
  2813 | D:3      | Noticed Ijyb
  2824 | D:3      | Killed Ijyb
  3328 | D:3      | Reached XP level 5. HP: 34/34 MP: 7/7
  3635 | D:3      | Found a runed translucent door.
  3636 | D:3      | Noticed Crazy Yiuf
  3968 | D:4      | Noticed Menkaure
  4029 | D:4      | Identified the +4 dagger of Buuj {freeze, rCorr Dex+4}
  4051 | D:4      | Found a broken altar of Ashenzari.
  4365 | D:4      | You fall into a shaft and drop 3 floors!
  4464 | D:7      | Reached XP level 6. HP: 27/41 MP: 9/9
  4470 | D:7      | Noticed Duvessa
  4817 | D:6      | Found Molimman's Assorted Antiques.
  4843 | D:5      | Entered Level 5 of the Dungeon
  4860 | D:5      | Found a sand-covered staircase.
  4943 | Ossuary  | Entered an ossuary
  5107 | Ossuary  | Reached XP level 7. HP: 36/45 MP: 10/10
  5635 | D:5      | Noticed Grinder
  5921 | D:7      | Reached skill level 1 in Evocations
  5945 | D:7      | Found a staircase to the Ecumenical Temple.
  5955 | Temple   | Entered the Ecumenical Temple
  6076 | Temple   | Became a worshipper of Vehumet
  6210 | D:6      | Reached XP level 8. HP: 52/52 MP: 12/12
  6702 | D:6      | Reached skill level 5 in Stealth
  7558 | D:5      | Reached * piety under Vehumet
  7558 | D:5      | Offered knowledge of Foxfire by Vehumet.
  7868 | D:5      | Paralysed by Grinder for 4 turns
  7986 | D:4      | Killed Menkaure
  7987 | D:4      | Reached XP level 9. HP: 59/59 MP: 15/15
  8350 | D:4      | Got the Volume of the Blind Marksman
  8759 | D:4      | Found Saagrits's General Store.
  8760 | D:4      | Found Lyce's Specific Store.
  8915 | D:3      | Killed Crazy Yiuf
  9071 | D:5      | Killed Grinder
  9072 | D:5      | Reached skill level 5 in Fighting
  9331 | D:6      | Bought 3 scrolls labelled SESTAVAJUT for 81 gold pieces
  9331 | D:6      | Bought a viscous blue potion for 24 gold pieces
  9394 | D:7      | Found Uttov's Island Escapes.
  9403 | D:7      | Bought a scroll of blinking for 82 gold pieces
  9424 | D:7      | Noticed Dowan
  9842 | D:8      | Noticed Harold
 10243 | D:8      | Reached skill level 5 in Spellcasting
 10678 | D:8      | Offered knowledge of Sandblast by Vehumet.
 10987 | D:9      | Reached ** piety under Vehumet
 11030 | D:9      | Found a staircase to the Orcish Mines.
 11087 | D:9      | Got Vikim's Compendium of Unholy Snow
 11130 | D:9      | Learned a level 2 spell: Poisonous Vapours
 11135 | D:9      | Learned a level 4 spell: Passage of Golubria
 11424 | D:9      | Reached skill level 1 in Translocations
 11424 | D:9      | Reached XP level 10. HP: 66/69 MP: 18/18
 11461 | D:9      | Reached skill level 1 in Poison Magic
 11534 | D:9      | Reached skill level 1 in Air Magic
 11815 | D:9      | Offered knowledge of Frozen Ramparts by Vehumet.
 11835 | D:9      | Noticed a kobold demonologist
 11934 | D:10     | Entered Level 10 of the Dungeon
 12038 | D:10     | Reached *** piety under Vehumet
 12218 | D:11     | Found a frozen archway.
 12240 | IceCv    | Entered an ice cave
 12335 | IceCv    | Noticed an ice statue
 12416 | D:11     | You fall into a shaft and drop 3 floors!
 12416 | D:14     | Noticed a deep elf pyromancer
 12419 | D:14     | Noticed a centaur warrior
 12421 | D:14     | Noticed a death knight
 12487 | D:14     | Got the Almanac of Doomed Shape Shifting
 12494 | D:14     | Noticed a death knight
 12603 | D:13     | Noticed an eight-headed hydra
 12623 | D:14     | Noticed a harpy
 12625 | D:14     | Noticed a cyclops
 12637 | D:14     | Noticed a boulder beetle
 12667 | D:13     | Noticed a white ugly thing
 12687 | D:13     | Noticed a manticore
 12692 | D:13     | Noticed a manticore
 12697 | D:13     | Killed a manticore
 12757 | D:12     | Found Nyssoef's Assorted Antiques.
 12766 | D:12     | Bought a scroll of teleportation for 81 gold pieces
 12766 | D:12     | Bought a sapphire potion for 24 gold pieces
 12766 | D:12     | Bought a sapphire potion for 24 gold pieces
 12766 | D:12     | Bought a bubbling inky potion for 24 gold pieces
 12813 | D:12     | Noticed a cyclops
 13274 | D:9      | Learned a level 1 spell: Apportation
 13373 | D:9      | Found a staircase to the Lair.
 13536 | D:9      | Noticed a kobold demonologist
 13810 | D:9      | Killed a kobold demonologist
 13812 | D:9      | Noticed an orange demon
 13819 | D:9      | Killed a kobold demonologist
 13820 | D:9      | Reached skill level 5 in Translocations
 14027 | Lair:1   | Entered Level 1 of the Lair of Beasts
 14044 | D:9      | Reached XP level 11. HP: 75/75 MP: 21/21
 14182 | Lair:2   | Noticed Urug
 14217 | Lair:1   | Noticed Maggie
 14268 | Lair:1   | Identified a scroll of acquirement
 14268 | Lair:1   | Acquired 1051 gold pieces
 14491 | D:4      | Bought a scroll of teleportation for 39 gold pieces
 14491 | D:4      | Bought a scroll of magic mapping for 45 gold pieces
 14601 | D:7      | Bought a potion of flight for 33 gold pieces
 14601 | D:7      | Bought a scroll of blinking for 82 gold pieces
 14601 | D:7      | Bought a scroll of blinking for 82 gold pieces
 14638 | D:7      | Killed Duvessa
 14652 | D:7      | Killed Dowan
 14854 | D:6      | Offered knowledge of Olgreb's Toxic Radiance by Vehumet.
 14860 | D:6      | Learned a level 4 spell: Olgreb's Toxic Radiance
 15206 | D:10     | Reached skill level 5 in Air Magic
 15209 | D:10     | Noticed a centaur warrior
 15357 | Orc:1    | Entered Level 1 of the Orcish Mines
 15357 | Orc:1    | Noticed an orc knight
 15450 | D:10     | Noticed a manticore
 15532 | D:10     | Noticed a manticore
 15562 | D:10     | Killed a manticore
 15594 | D:10     | Noticed Fannar
 15889 | D:10     | Identified the +9 dagger of Gozag's Respect {flame, rPois
                  | Will+}
 15902 | D:10     | Noticed Joseph
 15911 | D:10     | Learned a level 6 spell: Iron Shot
 15948 | D:10     | Killed Joseph
 16000 | D:10     | Identified the +2 robe of the Other World {SInv}
 16268 | D:10     | Killed a manticore
 16269 | D:10     | Reached skill level 1 in Conjurations
 16333 | D:10     | HP: 1/78 [centaur warrior/arrow (21)]
 16579 | Lair:1   | Learned a level 2 spell: Ensorcelled Hibernation
 16607 | Lair:1   | You fall into a shaft and drop 1 floor!
 16612 | Lair:2   | You fall into a shaft and drop 1 floor!
 16814 | Lair:4   | Noticed Nessos
 16872 | Lair:3   | Reached skill level 1 in Ice Magic
 16873 | Lair:3   | Reached skill level 1 in Earth Magic
 17166 | Lair:3   | Reached **** piety under Vehumet
 17354 | Lair:3   | Reached XP level 12. HP: 84/84 MP: 22/23
 17853 | Lair:5   | Offered knowledge of Irradiate by Vehumet.
 17948 | Lair:5   | Reached skill level 5 in Conjurations
 18027 | Lair:4   | Noticed a death yak
 18028 | Lair:4   | Noticed a death yak
 18028 | Lair:4   | Noticed a death yak
 18122 | Lair:4   | Noticed Nergalle
 18789 | Lair:1   | Noticed an eight-headed hydra
 19415 | D:12     | Reached skill level 5 in Ice Magic
 19473 | D:12     | Found Feuf's Self-Improvement Boutique.
 19561 | D:12     | Gained mutation: Your mind is acute. (Int +2) [potion of
                  | mutation]
 19561 | D:12     | Gained mutation: One of your tentacles bears a spike.
                  | [potion of mutation]
 19561 | D:12     | Gained mutation: You are partially covered in iridescent
                  | scales. (AC +2) [potion of mutation]
 19941 | D:12     | Learned a level 5 spell: Lightning Bolt
 19951 | D:12     | Identified the +9 spear "Raliraoh" {vorpal, rElec rF+}
 20280 | D:12     | Noticed Gastronok
 20329 | D:12     | Bought 2 amethyst potions for 48 gold pieces
 20430 | D:12     | Found a portal to a secret trove of treasure.
 20506 | D:12     | Noticed a two-headed ogre
 20527 | D:12     | Killed a two-headed ogre
 20780 | D:4      | Bought a scroll of enchant armour for 97 gold pieces
 20881 | D:6      | Killed Harold
 21073 | D:7      | Bought a scroll of teleportation for 33 gold pieces
 21073 | D:7      | Bought a potion of invisibility for 88 gold pieces
 21187 | Lair:1   | Killed Maggie
 21479 | Lair:1   | Noticed a seven-headed hydra
 21495 | Lair:1   | Killed a seven-headed hydra
 21496 | Lair:1   | Reached XP level 13. HP: 90/90 MP: 15/25
 22205 | D:10     | Killed Fannar
 22206 | D:10     | Reached skill level 5 in Earth Magic
 22864 | D:12     | Killed Gastronok
 22865 | D:12     | Reached skill level 5 in Hexes
 23144 | D:13     | Found Zeyppiejonk's Jewellery Shoppe.
 23153 | D:13     | Bought a ring of wizardry for 510 gold pieces
 23153 | D:13     | Bought a ring of see invisible for 255 gold pieces
 23309 | D:15     | Entered Level 15 of the Dungeon
 23879 | D:13     | Reached ***** piety under Vehumet
 24021 | D:13     | Offered knowledge of Freezing Cloud by Vehumet.
 24029 | D:13     | Learned a level 5 spell: Freezing Cloud
 24163 | D:13     | Noticed an ironbound preserver
 24166 | D:13     | HP: 1/90 [centaur warrior/arrow (16)]
 24508 | D:13     | Noticed a rakshasa
 24521 | D:13     | Killed an ironbound preserver
 24850 | D:13     | Killed a rakshasa
 24923 | D:13     | Found a gate to the Vaults.
 25300 | D:14     | Found a shimmering blue altar of Sif Muna.
 25436 | D:14     | Reached skill level 10 in Fighting
 25633 | D:14     | Reached XP level 14. HP: 57/99 MP: 6/27
 26445 | D:14     | Noticed a storm dragon
 26960 | Orc:1    | Found Iwocor's Armour Boutique.
 26970 | Orc:1    | You fall into a shaft and drop 1 floor!
 26970 | Orc:2    | Entered Level 2 of the Orcish Mines
 26970 | Orc:2    | Found Teza's Antique Weapon Shop.
 26970 | Orc:2    | Found Joalump's Antique Armour Emporium.
 27075 | Orc:2    | Found a dark tunnel.
 27122 | Volcano  | Entered a volcano
 27483 | Volcano  | Found a bloodstained altar of Trog.
 27911 | Orc:2    | Found Beguorri's Assorted Antiques.
 27979 | Orc:2    | Noticed Sonja
 27982 | Orc:2    | Killed Sonja
 28028 | Orc:2    | Found Xangos's Distillery.
 28044 | Orc:2    | Bought a potion of curing for 45 gold pieces
 28044 | Orc:2    | Bought 2 potions of curing for 90 gold pieces
 28056 | Orc:2    | Found a bloodstained altar of Trog.
 28112 | Orc:2    | Found a staircase to the Elven Halls.
 28113 | Orc:2    | Noticed an orc warlord
 28853 | Orc:2    | Killed an orc warlord
 28854 | Orc:2    | Reached skill level 10 in Spellcasting
 29188 | Orc:2    | Found Geprus's Book Shop.
 29188 | Orc:2    | Found Lyklyigh's Antique Weapon Shoppe.
 29275 | Orc:2    | Offered knowledge of Fireball by Vehumet.
 29282 | Orc:2    | Learned a level 5 spell: Fireball
 29418 | Orc:2    | Noticed Saint Roka
 29491 | Orc:2    | Found Qojupid's Book Shop.
 29491 | Orc:2    | Found Afiges's Magic Scroll Shoppe.
 29497 | Orc:2    | Bought a book of Spatial Translocations for 338 gold pieces
 29497 | Orc:2    | Bought Ozocubu's Autobiography for 312 gold pieces
 29506 | Orc:2    | Bought a scroll of magic mapping for 49 gold pieces
 29506 | Orc:2    | Bought a scroll of identify for 28 gold pieces
 30130 | Orc:1    | Reached skill level 1 in Fire Magic
 30809 | Orc:2    | Killed Saint Roka
 30810 | Orc:2    | Reached skill level 10 in Conjurations
 30810 | Orc:2    | Reached XP level 15. HP: 94/108 MP: 14/29
 31619 | Elf:1    | Entered Level 1 of the Elven Halls
 31787 | D:10     | Learned a level 2 spell: Blink
 31791 | D:10     | Learned a level 3 spell: Ozocubu's Armour
 32210 | Lair:2   | Killed Urug
 32210 | Lair:2   | Offered knowledge of Conjure Ball Lightning by Vehumet.
 32744 | Lair:2   | Found a staircase to the Swamp.
 32753 | Swamp:1  | Entered Level 1 of the Swamp
 32970 | Lair:4   | Noticed Kirke
 32979 | Lair:4   | Killed Kirke
 33374 | Lair:4   | Killed Nergalle
 33411 | Lair:4   | Killed Nessos
 33582 | Lair:4   | Found a hole to the Spider Nest.
 33623 | Spider:1 | Entered Level 1 of the Spider Nest
 34288 | Lair:5   | Learned a level 6 spell: Conjure Ball Lightning
 34714 | Lair:6   | Entered Level 6 of the Lair of Beasts
 35576 | Lair:6   | Noticed an acid blob
 35612 | Lair:6   | Noticed a rockslime
 35723 | Lair:5   | Killed a rockslime
 35912 | Lair:6   | Found a runed translucent door.
 35912 | Lair:6   | Found a viscous altar of Jiyva.
 35912 | Lair:6   | Found a staircase to the Slime Pits.
 36060 | Lair:6   | Reached XP level 16. HP: 116/116 MP: 17/33
 36075 | Lair:6   | Offered knowledge of Lee's Rapid Deconstruction by Vehumet.
 36244 | Lair:6   | Noticed a rockslime
 36727 | Lair:6   | Noticed a rockslime
 36759 | Lair:6   | Found a viscous altar of Jiyva.
 36842 | Lair:6   | Noticed a rockslime
 36855 | Lair:6   | Killed a rockslime
 37329 | Lair:6   | Killed an acid blob
 37715 | Orc:2    | Bought a scroll of fear for 49 gold pieces
 37715 | Orc:2    | Bought a scroll of teleportation for 42 gold pieces
 37715 | Orc:2    | Bought a scroll of summoning for 133 gold pieces
 38843 | Spider:1 | Identified the -3 pair of gloves of Hiatusa {Will+}
 38848 | Spider:1 | Found a runed translucent gate.
 38848 | Spider:1 | Found a runed translucent gate.
 38849 | Spider:1 | Found a runed translucent gate.
 38850 | Spider:1 | Noticed mumon's ghost (journeyman FeCj)
 39203 | Spider:1 | Learned a level 4 spell: Sticky Flame
 40704 | D:10     | Learned a level 6 spell: Iron Shot
 41573 | Elf:1    | Reached skill level 15 in Spellcasting
 41616 | Elf:1    | Found Suguqani's General Store.
 41771 | Elf:3    | Entered Level 3 of the Elven Halls
 41788 | Elf:2    | Reached XP level 17. HP: 113/124 MP: 35/36
 41854 | Elf:2    | Found Leycecucw's Antique Weapon Boutique.
 41879 | Elf:2    | Offered knowledge of Orb of Destruction by Vehumet.
 42100 | D:10     | Learned a level 7 spell: Orb of Destruction
 42763 | Elf:1    | Got the Handbook of the Entourage
 44382 | Elf:2    | Found an ancient bone altar of Kikubaaqudgha.
 44673 | Elf:2    | Found a runed translucent gate.
 44674 | Elf:2    | Found a runed translucent gate.
 44674 | Elf:2    | Found a runed translucent gate.
 45041 | Elf:2    | Reached skill level 15 in Fighting
 45406 | Elf:2    | Noticed Asterion
 46424 | Elf:3    | Noticed Roxanne
 46689 | Elf:3    | Noticed Leeroy's ghost (adept DrTm)
 46693 | Elf:3    | Found a runed translucent door.
 46984 | Elf:3    | Reached XP level 18. HP: 134/134 MP: 36/38
 47336 | Elf:3    | Paralysed by an air elemental for 1 turns
 47353 | Elf:3    | Reached ****** piety under Vehumet
 47353 | Elf:3    | Offered knowledge of Starburst by Vehumet.
 47796 | Elf:3    | Reached skill level 5 in Fire Magic
 48118 | Elf:3    | Noticed a deep elf blademaster
 48143 | Elf:3    | Killed a deep elf blademaster
 48349 | Elf:3    | Identified the ring of Sillyaf {rF+ Dex+6}
 48354 | Elf:3    | Noticed a deep elf blademaster
 48454 | Elf:3    | Killed a deep elf blademaster
 48616 | Elf:3    | Paralysed by an air elemental for 1 turns
 48679 | Elf:3    | Noticed a deep elf master archer
 48684 | Elf:3    | Killed a deep elf master archer
 48767 | Elf:3    | Identified the +8 plate armour of the Loofah {Dex+3}
 48863 | Elf:3    | Identified the +8 scythe "Xiefire" {vorpal, +Blink Int-3
                  | Dex+5}
 48871 | Elf:3    | Identified the +4 mace "Jiuwu" {elec, rElec Will+}
 48885 | Elf:3    | Cast into level 2 of the Abyss (a deep elf demonologist)
 49183 | Abyss:2  | Found a corrupted altar of Lugonu.
 49378 | Abyss:2  | Lost mutation: Your mind is acute. (Int +2) [a neqoxec]
 49379 | Abyss:2  | Gained mutation: You are weak. (Str -2) [a neqoxec]
 49690 | Elf:3    | Escaped the Abyss
 49694 | Elf:3    | Noticed a Brimstone Fiend
 49802 | Elf:3    | Identified the amulet "Emmypp" {RegenMP +Inv Str-5 Stlth+}
 50154 | Elf:3    | Identified the ring "Maluq" {Fly rPois rF+ rC+ Dex+4}
 50156 | Elf:3    | Identified the ring "Toffuh" {*Corrode Str+6 Dex+4 Slay-4
                  | SInv}
 50346 | Elf:3    | Identified the +3 ring mail of Hedonism {Fly Will+}
 51006 | Elf:3    | Got the Grimoire of Supportive Evil Magic
 51495 | Elf:3    | Killed Roxanne
 51555 | Elf:3    | Killed Leeroy's ghost
 51966 | D:12     | Bought a manual of Spellcasting for 960 gold pieces
 52112 | Elf:1    | Bought a scroll of acquirement for 884 gold pieces
 53238 | Lair:6   | Reached XP level 19. HP: 136/142 MP: 22/40
 53421 | Lair:6   | Identified the amulet "Mopeq" {Spirit rF- Str+3 Dex+4
                  | Stlth+}
 53608 | Slime:1  | Entered Level 1 of the Pits of Slime
 53624 | Lair:6   | Offered knowledge of Spellforged Servitor by Vehumet.
 54667 | D:14     | Identified the -1 buckler of Infinity {Harm rC++ Dex-5
                  | Stlth+}
 54839 | D:14     | Identified the +2 glaive of Myatur {holy, Int+4 Stlth+}
 54839 | D:14     | Identified the amulet "Feext" {Spirit Rampage rF- rN++
                  | rCorr}
 55938 | D:15     | Found a staircase to the Depths.
 56202 | D:15     | Found a runed translucent gate.
 56202 | D:15     | Found a runed translucent gate.
 56202 | D:15     | Found a runed translucent gate.
 56202 | D:15     | Found an ancient bone altar of Kikubaaqudgha.
 56203 | D:15     | Noticed Kink's ghost (adept DEFE)
 56240 | Depths:1 | Entered Level 1 of the Depths
 56544 | Depths:2 | Noticed a juggernaut
 57104 | Spider:1 | Reached skill level 10 in Fire Magic
 57121 | Spider:1 | Killed mumon's ghost
 57183 | Spider:1 | Identified the ring "Eluoppo" {rPois rN+}
 57791 | Spider:3 | Offered knowledge of Fire Storm by Vehumet.
 57791 | Spider:3 | Offered knowledge of Shatter by Vehumet.
 57791 | Spider:3 | Offered knowledge of Chain Lightning by Vehumet.
 58292 | Spider:3 | Noticed Arachne
 58297 | Spider:3 | Killed Arachne
 59144 | Spider:4 | Entered Level 4 of the Spider Nest
 59369 | Spider:3 | Reached skill level 10 in Ice Magic
 59391 | Spider:3 | Reached XP level 20. HP: 151/151 MP: 42/42
 61164 | Spider:4 | Got a gossamer rune of Zot
 61505 | D:10     | Learned a level 9 spell: Fire Storm
 61528 | D:10     | Acquired 1059 gold pieces
 61602 | Vaults:1 | Entered Level 1 of the Vaults
 63427 | Vaults:1 | Identified the +8 arbalest of Yruner {penet, Will- rCorr
                  | Int-5 Dex+8}
 64982 | Vaults:2 | Reached skill level 15 in Conjurations
 65211 | Vaults:2 | Reached XP level 21. HP: 79/158 MP: 4/44
 67190 | Vaults:2 | Found a staircase to the Crypt.
 67640 | Crypt:1  | Entered Level 1 of the Crypt
 68988 | Vaults:4 | Noticed Mara
 69105 | Vaults:4 | Noticed Jory
 71170 | Vaults:3 | Reached XP level 22. HP: 167/167 MP: 41/46
 71648 | Vaults:4 | Noticed Boris
 72388 | Vaults:4 | Noticed Aizul
 72389 | Vaults:4 | Noticed petzl's illusion
 73496 | Swamp:2  | Noticed Louise
 74256 | Swamp:2  | You are sucked into a shaft and drop 1 floor!
 74835 | Swamp:3  | Found a transporter.
 74903 | Swamp:3  | Noticed Racryxty's ghost (adept MiBe)
 75017 | Swamp:4  | Entered Level 4 of the Swamp
 75058 | Swamp:3  | Found a transporter.
 75364 | Swamp:2  | Killed Louise
 76342 | Swamp:4  | Noticed the 27-headed Lernaean hydra
 76352 | Swamp:4  | Killed the 27-headed Lernaean hydra
 76353 | Swamp:4  | Reached skill level 10 in Stealth
 76468 | Swamp:4  | Reached skill level 15 in Fire Magic
 76690 | Swamp:4  | Reached skill level 5 in Shields
 78009 | Swamp:4  | Got a decaying rune of Zot
 78292 | Swamp:3  | Killed Racryxty's ghost
 78526 | D:10     | Acquired the ring "Mogi Ydy" {Fly rN+ rCorr Stlth+}
 79204 | Slime:2  | Gained mutation: Your flesh is heat resistant. (rF+) [a
                  | shining eye]
 80084 | Slime:3  | Reached XP level 23. HP: 174/174 MP: 16/47
 80440 | Slime:5  | Entered Level 5 of the Pits of Slime
 80860 | Slime:5  | Found a viscous altar of Jiyva.
 80865 | Slime:5  | Noticed the Royal Jelly
 80868 | Slime:5  | Found the +7 captain's cutlass {speed, disarm}
 81404 | Slime:5  | Killed the Royal Jelly
 81537 | Slime:5  | Identified the +5 dagger of Exoneration {vorpal, rF+ Will+
                  | Str+2 Int+3}
 81551 | Slime:5  | Identified the +9 shortbow of Yrehuek {vorpal, Dex+4}
 81563 | Slime:5  | Identified the ring "Painken" {AC+4 Stlth+}
 81571 | Slime:5  | Got Sif Muna's Handbook of Earthen Snow
 81601 | Slime:5  | Got a slimy rune of Zot
 81616 | Slime:5  | Identified the +0 plate armour of Zumiduis {Rampage rN+}
 81617 | Slime:5  | Identified the +8 battleaxe of Impatience {flame, Str+3}
 81638 | Slime:5  | Identified the +1 bardiche of Courage {drain, Will+ rCorr
                  | Str+2 Dex-3}
 82369 | D:4      | Bought a potion of ambrosia for 104 gold pieces
 82369 | D:4      | Bought a potion of cancellation for 104 gold pieces
 82544 | Orc:2    | Bought a scroll of fog for 28 gold pieces
 82559 | Orc:2    | Bought a potion of mutation for 120 gold pieces
 82559 | Orc:2    | Bought a potion of resistance for 150 gold pieces
 82559 | Orc:2    | Bought a potion of lignification for 45 gold pieces
 82565 | Orc:2    | Bought a scroll of enchant armour for 232 gold pieces
 82565 | Orc:2    | Bought a potion of lignification for 93 gold pieces
 82565 | Orc:2    | Bought a potion of brilliance for 124 gold pieces
 82565 | Orc:2    | Bought a scroll of fear for 108 gold pieces
 82565 | Orc:2    | Bought a potion of mutation for 248 gold pieces
 83260 | Crypt:1  | Got Buetam's Compendium of Battle Magic
 83930 | Crypt:2  | Identified the ring of Iskem {rPois rF+ rC+++ Will- Str-4}
 85123 | Crypt:3  | Entered Level 3 of the Crypt
 85918 | D:15     | Killed Kink's ghost
 85932 | D:15     | Identified the amulet of Xom's Ringing Laughter {Acrobat
                  | Rampage rF+ Str-3 Dex+6}
 85935 | D:15     | Identified the amulet "Nool" {Acrobat Harm rF- Int+4}
 85938 | D:15     | Identified the +2 helmet of the Spheres {rElec rPois Int+3}
 85946 | D:15     | Got Kikubaaqudgha's Volume of Sinister Secrets
 86715 | Crypt:3  | Gained mutation: You are dopey. (Int -2) [mutagenic glow]
 87025 | Crypt:3  | Found an ancient bone altar of Kikubaaqudgha.
 87047 | Crypt:3  | Reached XP level 24. HP: 183/183 MP: 21/48
 88045 | Crypt:3  | Identified the +6 flail of Idufoci {holy, rC- MP+9 Str+5}
 88091 | Crypt:3  | Identified the amulet "Didou" {rElec Regen+ Int+4}
 88091 | Crypt:3  | Identified the ring "Bafitufoemn" {+Blink rElec rN+}
 88091 | Crypt:3  | Identified the ring of Moegaim {rN+ MP+9 Int-4 Dex+6}
 88162 | Crypt:3  | Noticed an ancient lich
 88178 | Crypt:3  | Killed an ancient lich
 88550 | Crypt:3  | Found a staircase to the Tomb.
 88560 | Crypt:3  | Found the +7 sceptre of Torment {pain, torment}
 88845 | Tomb:1   | Entered Level 1 of the Tomb of the Ancients
 89931 | Depths:2 | Noticed the Enchantress
 90020 | Depths:1 | Reached skill level 1 in Necromancy
 90461 | Depths:1 | You are sucked into a shaft and drop 1 floor!
 90792 | Depths:2 | Reached skill level 5 in Evocations
 91097 | Depths:2 | Found a gateway to Hell.
 91429 | Depths:1 | Found a one-way gate leading to the halls of Pandemonium.
 91441 | Depths:1 | Reached skill level 10 in Shields
 92584 | Depths:2 | Found a transporter.
 92586 | Depths:2 | Found a transporter.
 93143 | Depths:3 | Found a flickering gateway to a bazaar.
 93145 | Depths:3 | Found Zuohiseph's Armour Emporium.
 93152 | Depths:3 | Found a gateway to a ziggurat.
 93152 | Depths:3 | Noticed an ancient lich
 93154 | Bazaar   | Entered a bazaar
 93154 | Bazaar   | Found Hits's Book Shoppe.
 93154 | Bazaar   | Found Buppahis's Armour Shoppe.
 93155 | Bazaar   | Found Josam's Antique Weapon Emporium.
 93155 | Bazaar   | Found Osoutu's Weapon Emporium.
 93181 | Bazaar   | Bought a manual of Maces & Flails for 960 gold pieces
 93212 | Depths:3 | Reached skill level 1 in Maces & Flails
 93376 | Depths:2 | Noticed a juggernaut
 93418 | Depths:2 | Killed the Enchantress
 93637 | Depths:3 | Noticed Mennas
 93785 | Depths:2 | Noticed Xileplen's ghost (adept MiBe)
 93786 | Depths:2 | Noticed Rugruoje's ghost (adept HaHu)
 94149 | Depths:3 | Found a one-way gate to the infinite horrors of the Abyss.
 94189 | Depths:3 | Reached XP level 25. HP: 190/190 MP: 29/48
 94706 | Depths:3 | Found Haitiar's Antique Armour Boutique.
 95036 | Depths:4 | Entered Level 4 of the Depths
 95560 | Depths:3 | Found a blossoming altar of Fedhas.
 95679 | Depths:3 | Killed Mennas
 95903 | Depths:4 | Reached skill level 5 in Maces & Flails
 95903 | Depths:4 | Reached skill level 5 in Necromancy
 97060 | Depths:4 | Found a gate to the Realm of Zot.
 97066 | Zot:1    | Entered Level 1 of the Realm of Zot
 98556 | Hell     | Entered the Vestibule of Hell
 98556 | Hell     | Noticed Geryon
 98604 | Hell     | Reached skill level 10 in Evocations
100007 | Hell     | Reached XP level 26. HP: 199/199 MP: 46/49
100200 | Hell     | Killed Geryon
100661 | D:12     | You paid a toll of a +6 demon blade to enter a treasure
                  | trove
100662 | Trove    | Entered a treasure trove
100675 | Trove    | Found the brooch of Shielding {Spirit SH+8}
100682 | Trove    | Identified the +6 eveningstar of Poverty {speed, rN++ rCorr
                  | MP-9 Int+2}
100780 | D:12     | Learned a level 8 spell: Necromutation
100928 | D:12     | Bought a manual of Necromancy for 960 gold pieces
100928 | D:12     | Reached skill level 10 in Necromancy
100928 | D:12     | Reached XP level 27. HP: 205/205 MP: 49/49
101192 | Hell     | Found a gateway to the ashen valley of Gehenna.
101449 | Hell     | Reached skill level 1 in Transmutations
101616 | Hell     | Found a gateway to the freezing wastes of Cocytus.
101766 | Hell     | Found a gateway to the decaying netherworld of Tartarus.
102000 | D:10     | Learned a level 9 spell: Polar Vortex
102821 | Zot:1    | Found Zejumnoe's Changing Room.
104525 | Zot:2    | Noticed an orb of fire
104567 | Zot:2    | Killed an orb of fire
105838 | Zot:2    | Reached skill level 10 in Maces & Flails
106203 | Zot:3    | Reached skill level 5 in Transmutations
106417 | Zot:3    | Got Qyguupti's Incunabulum of Companions
106879 | Zot:3    | Gained mutation: You are clumsy. (Dex -2) [mutagenic glow]
107038 | Zot:3    | Reached skill level 15 in Shields
109306 | Zot:5    | Entered Level 5 of the Realm of Zot
110073 | Zot:4    | Identified the +4 hand axe of Kiuc {vorpal, Str+4}
111032 | Zot:4    | Found a large runed translucent door.
111032 | Zot:4    | Found a large runed translucent door.
111032 | Zot:4    | Noticed Ytolar's ghost (legendary DsFi)
112131 | Zot:3    | Killed Ytolar's ghost
113494 | Zot:5    | Noticed an ancient lich
113498 | Zot:5    | Killed an ancient lich
113659 | Zot:5    | Noticed an orb of fire
113857 | Zot:5    | Noticed an orb of fire
113857 | Zot:5    | Noticed an orb of fire
113858 | Zot:5    | Gained mutation: Your body sometimes deteriorates upon
                  | taking damage. [an orb of fire]
113859 | Zot:5    | Gained mutation: You are very weak. (Str -4) [an orb of
                  | fire]
113861 | Zot:5    | Killed an orb of fire
113862 | Zot:5    | Noticed an orb of fire
113862 | Zot:5    | Gained mutation: You do not regenerate when monsters are
                  | visible. [an orb of fire]
113863 | Zot:5    | Noticed an orb of fire
113863 | Zot:5    | Noticed a dread lich
113874 | Zot:5    | Gained mutation: Your spells are a little easier to cast,
                  | but a little less powerful. [an orb of fire]
113875 | Zot:5    | Lost mutation: You are dopey. (Int -2) [an orb of fire]
113876 | Zot:5    | Gained mutation: Your magical capacity is low. (-10% MP)
                  | [an orb of fire]
113878 | Zot:5    | Noticed an orb of fire
113878 | Zot:5    | Noticed an orb of fire
114108 | Zot:1    | Gained mutation: You are frail. (-10% HP) [mutagenic glow]
114112 | Zot:1    | Bought a potion of mutation for 200 gold pieces
114112 | Zot:1    | Bought a potion of mutation for 200 gold pieces
114112 | Zot:1    | Lost mutation: You are very weak. (Str -4) [potion of
                  | mutation]
114112 | Zot:1    | Lost mutation: You are partially covered in iridescent
                  | scales. (AC +2) [potion of mutation]
114112 | Zot:1    | Lost mutation: Your body sometimes deteriorates upon taking
                  | damage. [potion of mutation]
114112 | Zot:1    | Lost mutation: You are clumsy. (Dex -2) [potion of
                  | mutation]
114113 | Zot:1    | Lost mutation: You are weak. (Str -2) [potion of mutation]
114113 | Zot:1    | Lost mutation: Your spells are a little easier to cast, but
                  | a little less powerful. [potion of mutation]
114113 | Zot:1    | Gained mutation: You are agile. (Dex +2) [potion of
                  | mutation]
114113 | Zot:1    | Gained mutation: You are partially covered in iridescent
                  | scales. (AC +2) [potion of mutation]
114290 | D:10     | Lost mutation: You are frail. (-10% HP) [potion of
                  | mutation]
114290 | D:10     | Lost mutation: You are partially covered in iridescent
                  | scales. (AC +2) [potion of mutation]
114290 | D:10     | Gained mutation: You tend to lose your temper in combat.
                  | [potion of mutation]
114290 | D:10     | Gained mutation: You are robust. (+10% HP) [potion of
                  | mutation]
114291 | D:10     | Lost mutation: One of your tentacles bears a spike. [potion
                  | of mutation]
114291 | D:10     | Lost mutation: You are agile. (Dex +2) [potion of mutation]
114291 | D:10     | Gained mutation: You are clumsy. (Dex -2) [potion of
                  | mutation]
114291 | D:10     | Gained mutation: Your flesh is very heat resistant. (rF++)
                  | [potion of mutation]
114292 | D:10     | Lost mutation: You are clumsy. (Dex -2) [potion of
                  | mutation]
114292 | D:10     | Lost mutation: You are robust. (+10% HP) [potion of
                  | mutation]
114292 | D:10     | Lost mutation: Your magical capacity is low. (-10% MP)
                  | [potion of mutation]
114292 | D:10     | Gained mutation: One of your tentacles bears a spike.
                  | [potion of mutation]
114292 | D:10     | Gained mutation: You have hidden genetic potential. [potion
                  | of mutation]
114293 | D:10     | Lost mutation: You have hidden genetic potential. [potion
                  | of mutation]
114293 | D:10     | Lost mutation: You do not regenerate when monsters are
                  | visible. [potion of mutation]
114293 | D:10     | Lost mutation: You tend to lose your temper in combat.
                  | [potion of mutation]
114293 | D:10     | Gained mutation: Your muscles are strong. (Str +2) [potion
                  | of mutation]
114293 | D:10     | Gained mutation: You are partially covered in iridescent
                  | scales. (AC +2) [potion of mutation]
114589 | Zot:5    | Gained mutation: You sometimes lose the ability to read
                  | scrolls when taking damage. [an orb of fire]
114589 | Zot:5    | Gained mutation: Your magical capacity is low. (-10% MP)
                  | [an orb of fire]
114592 | Zot:5    | Gained mutation: You are clumsy. (Dex -2) [an orb of fire]
114607 | Zot:5    | Slain by a death cob

Illustrated notes

Levels and vault maps discovered:
D:1:      giann_wishing_wells, layout_basic
D:2:      layout_rooms, chequers_ecumenical_altar_island
D:3:      layout_basic, uniq_crazy_yiuf_cottage, uniq_ijyb
D:4:      layout_layer_cave, evilmike_ruin_ashenzari, nicolae_specific_store,
          hangedman_decor_diamond_cutter, uniq_menkaure
D:5:      layout_basic, nicolae_ossuary_entry_giza, minivault_4, st_stairs_12,
          uniq_grinder
D:6:      layout_loops_ring, serial_shops, nicolae_shop_statue_plus,
          minmay_pentangle
D:7:      layout_rooms, minmay_temple_entry_hall, nicolae_island_escapes,
          uniq_duvessa
D:8:      layout_loops_ring, grunt_ministairs_9, uniq_harold
D:9:      layout_loops_ring, grunt_lair_entry_orc_guard_hut, zombieorc1_lemuel,
          minmay_starry_boxes
D:10:     layout_loops_ring, hangedman_incinerator, uniq_joseph, uniq_fannar
D:11:     layout_rooms, portal_ice_cave_rime
D:12:     layout_basic, serial_shops, shop, nicolae_trove_entry_crystal,
          nicolae_shop_self_help, uniq_gastronok
D:13:     layout_big_octagon, skrybe_vaults_entry_preservation, serial_shops,
          nicolae_shop_stone
D:14:     cross_vault, layout_loops_ring, chequers_serial_rivers_micro_b,
          enter_bailey_4, nicolae_sif_muna_condensation
D:15:     hangedman_depths_entry_civil_slaughter, layout_irregular_city,
          hangedman_decor_growths, gammafunk_ghost_crypt, serial_park_tiny_2
Temple:   mainiacjoe_temple_trianglar_array
Lair:1:   layout_roguey, minmay_shattered_shrine, uniq_maggie
Lair:2:   layout_cave_shapes, nicolae_swamp_entry_splash_gauntlet,
          grunt_megastairs_2, uniq_urug
Lair:3:   layout_cave_pods
Lair:4:   layout_cave_pods, dummy_spider_entry, uniq_nessos, uniq_nergalle,
          uniq_kirke
Lair:5:   layout_cave_pods, serial_bayou_shore_a, grunt_megastairs_1,
          lemuel_fruit_fields
Lair:6:   grunt_lair_end_beastmaster, layout_long_grid, slime_altar_2,
          special_room [special_room_jelly]
Swamp:1:  layout_falls_marsh, nicolae_swamp_decorative_isthmus
Swamp:2:  layout_basic_swamp, evilmike_swamp_ruin_house_3, uniq_louise
Swamp:3:  layout_basic_swamp, gammafunk_ghost_mausoleum,
          hangedman_swamp_diagram, swamp_pool1
Swamp:4:  swamp_alternative, layout_basic_swamp, nicolae_swamp_big_swirl
Spider:1: layout_spider_delve, gammafunk_ghost_necromancy,
          nicolae_spider_orb_run
Spider:2: layout_spider_delve, nicolae_spider_bug_shape
Spider:3: layout_spider_delve, guppyfry_spider_mini_2, uniq_arachne
Spider:4: spider_rune_water
Slime:1:  layout_caves
Slime:2:  cheibrodos_slime_lost_civilization_2, layout_caves
Slime:3:  layout_caves
Slime:4:  layout_caves
Slime:5
Orc:1:    layout_caves, serial_shops, shop, bh_open_orc_temple
Orc:2:    st_orc_town, layout_caves, nicolae_volcano_entry_batcave, basic_altar,
          serial_shops, shop, shop, shop,
          nicolae_shop_temple_entry_statues_fountains, guppyfry_library_mini,
          uniq_saint_roka, uniq_sonja
Elf:1:    layout_geoelf_diagonals, serial_shops, shop, minmay_elf_demonology
Elf:2:    nicolae_elf_blades_crystal_corner, layout_geoelf_octagon,
          serial_shops, nicolae_shop_trees,
          minmay_the_grid_square_5x5_3x3_mashed
          [minmay_the_grid_square_5x5_spiral_small,
          minmay_the_grid_square_5x5_empty, minmay_the_grid_square_5x5_three,
          minmay_the_grid_square_5x5_moneybag,
          minmay_the_grid_square_5x5_megaprize_checkered,
          minmay_the_grid_square_5x5_inner_v, minmay_the_grid_square_5x5_z,
          minmay_the_grid_square_5x5_two_small,
          minmay_the_grid_square_5x5_shrine1], uniq_asterion
Elf:3:    minmay_elf_hall_golems, layout_geoelf_diagonals,
          hellmonk_ghost_happy_afterlife, uniq_roxanne
Vaults:1: vaults_dpeg_doors, ontoclasm_vaults_gateway,
          nicolae_vaults_yaktaur_gun_rack, nicolae_vaults_ring_of_whatevers,
          st_eye, v_misc_1, ontoclasm_vaults_misaligned,
          dpeg_vaults_monster_row, ontoclasm_vaults_shuriken, v_misc_9,
          vaults_room_ringed_pool, v_misc_15, vaults_mumra_minichess,
          vaults_dpeg_cross, hangedman_vaults_stitches,
          vaults_mumra_chevron_long, layout_vaults_maze_bifur
Vaults:2: hangedman_vaults_slither, nicolae_vaults_network_s,
          hangedman_vaults_nodes, nicolae_vaults_twisting_passages,
          vaults_room_corners, nicolae_vaults_little_squares_2,
          nicolae_vaults_c_with_doors, vaults_dpeg_spiral,
          grunt_vaults_diagonal, ontoclasm_vaults_twist,
          nicolae_vaults_little_squares_1, v_misc_5,
          nicolae_vaults_shelves_hall, layout_vaults_omnibox, dummy_crypt_entry,
          uniq_margery
Vaults:3: v_pattern_2, ontoclasm_vaults_chip, nicolae_vaults_big_ls,
          nicolae_vaults_back_hallway, nicolae_vaults_theta,
          vaults_dpeg_encased_lava, nicolae_vaults_fighting_squares, v_rooms_3,
          grunt_vaults_hallway_long, layout_vaults_omnicross
Vaults:4: v_misc_26, dpeg_vaults_monster_box, nicolae_vaults_mini_display_case,
          st_cross, v_misc_14, hangedman_vaults_maws, layout_vaults_omnigrid,
          uniq_jory, uniq_boris, uniq_mara, uniq_aizul
Crypt:1:  layout_basic
Crypt:2:  layout_misc_corridors
Crypt:3:  grunt_crypt_end_deaths_head
Tomb:1
Depths:1: layout_gridlike, rand_demon_pan_entry_4, nicolae_two_hexagons,
          serial_co_window_serial, co_window_paths_a, co_window_paths_a,
          co_window_corner_a, co_window_of_opportunity_a, co_window_paths_a,
          co_window_paths_b, co_window_corner_a, co_window_corner_b,
          co_window_broadway_c, co_window_unsneaky_path_a,
          pf_dread_powers_of_hell, grunt_ministairs_4, moated_statue
Depths:2: kennysheep_cluttered_fort, layout_gridlike, nzn_ghost_randoct,
          rand_demon_pan_entry_7, ebering_dispersal_statue_hall, hell_entry,
          hangedman_decor_riveting, uniq_enchantress
Depths:3: minmay_curly_fans, layout_cave_pools, enter_ziggurat_d,
          lemuel_crystal_altar, pf_coc_iceberg, minmay_room_of_horrors,
          serial_shops, bzr_in_the_mist,
          nicolae_shop_temple_entry_statues_fountains, shop, uniq_mennas
Depths:4: grunt_zot_entry_pinwheel, layout_gridville, wad_floor_pattern_2,
          grunt_pan_entry_sceptre, grunt_hell_entry_dis_grunt, minivault_16,
          minmay_misc_feat_pillars, serial_sigils_hangedman_scratch,
          minmay_pinched_square, serial_bayou_shore_b
Hell
Zot:1:    layout_gridlike, nicolae_transmutations_shop, grunt_megastairs_5
Zot:2:    layout_basic
Zot:3:    layout_onion
Zot:4:    layout_basic, ebering_ghost_disaster_area, lemuel_golem_globe
Zot:5:    layout_basic

Skill      XL: |  1  2  3  4  5  6  7  8  9 10 11 12 13 14 15 16 17 18 19 20 21 22 23 24 25 26 27 |
---------------+----------------------------------------------------------------------------------+-----
Stealth        | 1 2 3 4 6 9 10 12 | 12.0
Shields        | 1 2 3 4 5 8 10 11 12 16 | 16.5
Fighting       | 2 3 4 6 7 8 10 12 13 15 16 17 18 19 20 21 22 | 22.0
Spellcasting   | 2 3 4 5 6 7 8 9 10 13 15 16 17 18 19 20 21 22 | 22.0
Dodging        | 3 4 |  4.0
Crossbows      | 3 4 |  4.0
Evocations     | 1 3 4 7 10 | 10.0
Translocations | 1 5 6 |  6.2
Poison Magic   | 4 |  4.0
Air Magic      | 3 5 7 8 |  8.0
Conjurations   | 4 7 8 10 11 13 14 15 16 17 18 | 18.0
Ice Magic      | 3 6 8 10 11 12 | 12.8
Earth Magic    | 2 4 6 |  6.5
Hexes          | 4 5 |  5.0
Fire Magic     | 2 4 7 10 11 14 15 16 17 | 17.1
Necromancy     | 3 6 10 14 | 14.0
Maces & Flails | 2 8 10 | 10.0
Transmutations | 9 |  9.9

Action                   |  1- 3 |  4- 6 |  7- 9 | 10-12 | 13-15 | 16-18 | 19-21 | 22-24 | 25-27 || total
-------------------------+-------+-------+-------+-------+-------+-------+-------+-------+-------++-------
Melee: Hand axe          |    24 |    52 |       |    12 |       |       |       |       |       ||    88
       Constrict         |     7 |    36 |    59 |    45 |    24 |    14 |    36 |    15 |    14 ||   250
       Tentacles         |     1 |    34 |    68 |    70 |    12 |    15 |    40 |    21 |    14 ||   275
       Dagger            |       |    94 |   316 |   256 |    81 |    94 |   117 |    86 |    54 ||  1098
       Flail             |       |       |       |    63 |       |       |       |       |       ||    63
       Kick              |       |       |       |     8 |    21 |    36 |    54 |    34 |    23 ||   176
       Spear             |       |       |       |       |     9 |    11 |    28 |       |       ||    48
       Demon trident     |       |       |       |       |       |     1 |       |       |       ||     1
 Fire: Hand crossbow     |    76 |    25 |   111 |   146 |   207 |    12 |    21 |     2 |    12 ||   612
Throw: Dart              |       |     6 |    36 |     5 |     8 |     2 |       |       |       ||    57
 Cast: Slow              |     5 |    14 |   100 |    97 |    12 |       |       |       |       ||   228
       Poisonous Vapours |       |       |       |   115 |     3 |       |       |       |       ||   118
       Olgreb's Toxic Ra |       |       |       |   106 |   117 |   227 |   244 |    15 |     2 ||   711
       Passage of Golubr |       |       |       |    19 |    31 |    19 |    26 |    16 |    20 ||   131
       Ensorcelled Hiber |       |       |       |    12 |       |       |       |       |       ||    12
       Lightning Bolt    |       |       |       |     5 |    67 |     5 |       |       |       ||    77
       Iron Shot         |       |       |       |     1 |    18 |    11 |       |       |       ||    30
       Apportation       |       |       |       |     1 |       |       |       |       |       ||     1
       Freezing Cloud    |       |       |       |       |   256 |   231 |   159 |    55 |    20 ||   721
       Fireball          |       |       |       |       |    15 |     2 |    20 |    97 |       ||   134
       Ozocubu's Armour  |       |       |       |       |    13 |    22 |    42 |     9 |     3 ||    89
       Blink             |       |       |       |       |    11 |    17 |    19 |    32 |    37 ||   116
       Conjure Ball Ligh |       |       |       |       |     5 |    35 |     5 |     1 |       ||    46
       Orb of Destructio |       |       |       |       |       |    98 |   295 |   295 |   329 ||  1017
       Sticky Flame      |       |       |       |       |       |     6 |    37 |    28 |    16 ||    87
       Fire Storm        |       |       |       |       |       |       |       |   204 |   225 ||   429
 Abil: Evoke Blink       |       |       |       |       |       |       |       |       |     4 ||     4
Evoke: Wand              |       |       |     5 |    22 |     6 |    13 |    11 |     7 |    18 ||    82
       Box of beasts     |       |       |       |     1 |       |     1 |     1 |       |     2 ||     5
       Condenser vane    |       |       |       |       |       |       |     2 |       |     1 ||     3
       Phantom mirror    |       |       |       |       |       |       |     1 |       |       ||     1
  Use: Scroll            |       |     3 |    10 |    31 |    10 |    17 |     4 |    14 |     8 ||    97
       Potion            |       |     1 |     3 |     8 |     3 |     2 |     4 |     5 |    14 ||    40
 Stab: Sleeping          |       |     8 |     7 |     3 |       |       |       |     2 |     1 ||    21
       Distracted        |       |     1 |       |     1 |       |     1 |       |       |       ||     3
       Invisible         |       |     2 |       |       |       |       |       |       |       ||     2
       Petrified         |       |       |       |       |       |     5 |       |       |       ||     5
Armor: Skin              |     5 |    20 |    50 |    63 |    49 |    84 |   215 |    87 |   136 ||   709
Dodge: Dodged            |    41 |    89 |   172 |   253 |   135 |   251 |   354 |   165 |   231 ||  1691
Block: Buckler           |     9 |    25 |    96 |   128 |    96 |   101 |   253 |   112 |   181 ||  1001

Table legend: (Time is in decaauts)
 A = Elapsed time spent in this place.
 B = Non-inter-level travel time spent in this place.
 C = Inter-level travel time spent in this place.
 D = Time resting spent in this place.
 E = Time spent auto-exploring this place.
 F = Levels seen in this place.
 G = Mean time per level.
                   A        B        C        D        E       F      G
               +--------+--------+--------+--------+--------+-----+--------+
         Total | 115208 | 100783 |  14425 |  41737 |  13602 |  64 | 1800.1 |
       Dungeon |  29548 |  23260 |   6288 |   6088 |   6381 |  15 | 1969.9 |
        Temple |    177 |    121 |     56 |      0 |    117 |   1 |  177.0 |
          Lair |  11470 |   9809 |   1661 |   3282 |    862 |   6 | 1911.7 |
         Swamp |   5162 |   4825 |    337 |   2452 |    164 |   4 | 1290.5 |
   Spider Nest |   7160 |   6510 |    650 |   3437 |      7 |   4 | 1790.0 |
    Slime Pits |   3320 |   3189 |    131 |   1468 |      0 |   5 |  664.0 |
  Orcish Mines |   4507 |   4015 |    492 |   1574 |    802 |   2 | 2253.5 |
   Elven Halls |   9913 |   8909 |   1004 |   4676 |     68 |   3 | 3304.3 |
        Vaults |  11596 |   9876 |   1720 |   4487 |    589 |   4 | 2899.0 |
         Crypt |   5716 |   5347 |    369 |   2633 |    645 |   3 | 1905.3 |
          Tomb |    419 |    419 |      0 |    104 |      0 |   1 |  419.0 |
        Depths |  11066 |  10052 |   1014 |   5224 |   1352 |   4 | 2766.5 |
          Hell |    642 |    573 |     69 |    115 |     13 |   1 |  642.0 |
           Zot |  11955 |  11325 |    630 |   5848 |   2602 |   5 | 2391.0 |
         Abyss |    803 |    803 |      0 |     81 |      0 |   1 |  803.0 |
        Bazaar |     39 |     39 |      0 |      0 |      0 |   1 |   39.0 |
         Trove |    104 |    104 |      0 |      0 |      0 |   1 |  104.0 |
       Ossuary |    694 |    694 |      0 |     86 |      0 |   1 |  694.0 |
      Ice Cave |    147 |    147 |      0 |     35 |      0 |   1 |  147.0 |
       Volcano |    759 |    759 |      0 |    145 |      0 |   1 |  759.0 |
               +--------+--------+--------+--------+--------+-----+--------+

Top non-repeatable levels by time:
     D:9: 4628 daAuts
Depths:2: 4084 daAuts
   Elf:3: 4033 daAuts
Vaults:1: 3757 daAuts
   Elf:2: 3661 daAuts
Vaults:2: 3491 daAuts
   Zot:3: 3245 daAuts
   Orc:2: 3114 daAuts
    D:13: 2941 daAuts
Vaults:3: 2927 daAuts
  Lair:6: 2918 daAuts
   Zot:4: 2769 daAuts
Depths:1: 2764 daAuts
Depths:4: 2726 daAuts
   Zot:2: 2611 daAuts
